Cogmind - Beta 11.1 @@@ ROGUE MODE // 2022.05.12 @ 15:35:28 Player: Olga Result: Self-destructed Performance ------------- Evolutions (1) 500 Regions Visited (2) 400 Robots Destroyed (39) 195 Value Destroyed (988) 988 Prototype IDs (1) 20 Alien Tech Used (0) 0 Bonus (0) 0 TOTAL SCORE: 2103 Bonus ------- None Cogmind --------- Core Integrity 346/400 Matter 280/300 Energy 265/265 System Corruption 1% Temperature Cool (0) Movement Rolling (155) Ox4 Location -9/Materials Parts ------- > --- POWER (1) -------- Improved Ion Engine > --- PROPULSION (2) --- Compact Wheel Armored Wheel > --- UTILITY (4) ------ Huge Storage Unit Medium Armor Plating Medium Armor Plating Medium Armor Plating > --- WEAPON (2) ------- Improved Medium Laser Improved Light Cannon > --- INVENTORY (25) --- Ion Engine Improved Ion Engine Improved Ion Engine Improved Ion Engine Light Treads Light Treads Light Treads Wheel Wheel Compact Wheel Compact Wheel Improved Heat Sink High-capacity Matter Pod (114) Medium Armor Plating High-powered Tractor Beam Heavy Assault Rifle Heavy Assault Rifle Heavy Assault Rifle Autogun Autogun Autogun Improved Light Cannon Improved Light Cannon Improved Light Cannon Plasma Cutter Peak State ------------ > --- POWER ------------ Improved Ion Engine > --- PROPULSION ------- Compact Wheel Compact Wheel > --- UTILITY ---------- Improved Heat Sink Huge Storage Unit Medium Armor Plating Medium Armor Plating > --- WEAPON ----------- Improved Medium Laser Improved Light Cannon > --- INVENTORY -------- Ion Engine Ion Engine Improved Ion Engine Improved Ion Engine Improved Ion Engine Light Treads Light Treads Light Treads Wheel Wheel Heat Sink Heat Sink High-capacity Matter Pod Medium Armor Plating Medium Armor Plating High-powered Tractor Beam Improved Medium Laser Autogun Autogun Autogun Autogun Light Cannon Improved Light Cannon Improved Light Cannon Improved Light Cannon [Rating: 21] Favorites ----------- Power Improved Ion Engine Engine Improved Ion Engine Propulsion Compact Wheel Treads Light Treads Leg Aluminum Leg Wheel Compact Wheel Utility Medium Armor Plating Device Improved Heat Sink Storage Huge Storage Unit Protection Medium Armor Plating Weapon Improved Light Cannon Energy Gun Improved Medium Laser Ballistic Gun Autogun Ballistic Cannon Improved Light Cannon Build | -11 -10 -9 ------- Run | Scr Mat Mat Slots Evolved 2 | . . 2 Power . | . . . Propulsion . | . . . Utility 2 | . . 2 Weapon . | . . . Parts Attached 25 | . 14 11 Power 2 | . 2 . Engine 2 | . 2 . Core . | . . . Reactor . | . . . Propulsion 10 | . 4 6 Treads 3 | . 2 1 Leg . | . . . Wheel 7 | . 2 5 Hover . | . . . Flight . | . . . Utility 7 | . 3 4 Device 2 | . 1 1 Storage 1 | . 1 . Processor . | . . . Hackware . | . . . Protection 4 | . 1 3 Artifact . | . . . Weapon 6 | . 5 1 Energy Gun 1 | . . 1 Energy Cannon . | . . . Ballistic Gun 3 | . 3 . Ballistic Cannon 2 | . 2 . Launcher . | . . . Special Weapon . | . . . Impact Weapon . | . . . Slashing Weapon . | . . . Piercing Weapon . | . . . Special Melee Weapon . | . . . Unidentified Prototypes 1 | . . 1 Parts Lost 3 | . 1 2 Power . | . . . Propulsion 1 | . . 1 Utility 1 | . . 1 Weapon 1 | . 1 . Highest Loss Streak 1 | . 1 1 To Critical Strikes . | . . . Average Slot Usage (%) 98 | . 95 99 Engine 12 | . 14 11 Treads 8 | . 17 2 Leg 1 | . 4 . Wheel 14 | . 6 19 Device 6 | . 9 5 Storage 12 | . 14 11 Protection 17 | . . 27 Energy Gun 6 | . . 9 Ballistic Gun 9 | . 27 . Ballistic Cannon 8 | . . 12 Naked Turns . | . . . Heaviest Build 115 | 11 102 115 Greatest Support 40 | 20 40 40 Greatest Overweight (x) 4 | . 4 4 Average Overweight (x) 3 | . 2 3 Largest Inventory Capacity 25 | . 25 25 Average Capacity 24 | . 22 25 Most Carried 25 | . 25 25 Average Carried 22 | . 17 24 Final Capacity 25 | 8 25 25 Final Carried 25 | 6 25 25 Class Distribution -------------------- 100% | Mutant Dominant Class ---------------- Mutant | -10/Materials Mutant | -9/Materials Resources | -11 -10 -9 ----------- Run | Scr Mat Mat Matter Collected 1049 | 200 301 548 Remotely . | . . . Salvage Created 1668 | . 574 1094 Parts 85 | . 38 47 Haulers Intercepted 3 | . 1 2 Recyclers Shooed . | . . . Parts Field Recycled . | . . . Retrieved Matter . | . . . Parts Self-Destructed . | . . . Prevented . | . . . Kills | -11 -10 -9 ------- Run | Scr Mat Mat Combat Hostiles Destroyed 23 | . 10 13 Guns 15 | . 10 5 Cannons 8 | . . 8 Classes Destroyed 8 | . 5 3 Worker 1 | . . 1 Hauler 3 | . 1 2 Recycler 6 | . 1 5 Operator 1 | . . 1 Watcher 5 | . 3 2 Swarmer 3 | . 3 . Grunt 16 | . 7 9 Sentry 4 | . . 4 Best Kill Streak 4 | . 3 4 Combat Bots Only 3 | . 3 3 Max Kills in Single Turn 2 | . 1 2 Gunslinging . | . . . Exploded . | . . . Melee . | . . . Uniques/NPCs Destroyed . | . . . Combat | -11 -10 -9 -------- Run | Scr Mat Mat Damage Taken 1037 | . 497 540 Core 240 | . 186 54 Absorbed by Shields . | . . . Core Remaining (%) 62 | 100 25 . Volleys Fired 104 | . 55 49 Largest 2 | . 2 2 Hottest 95 | . 46 95 Shots Fired 208 | . 110 98 Gun 154 | . 110 44 Cannon 54 | . . 54 Launcher . | . . . Special . | . . . Kinetic 164 | . 110 54 Thermal 44 | . . 44 Explosive . | . . . Electromagnetic . | . . . Robot Hit Streak 18 | . 9 18 Robot Miss Streak 5 | . 4 5 Penetration Max . | . . . Secondary Targets 1 | . 1 . Max Gunslinging Chain 1 | . 1 . Shots Hit Robots 132 | . 68 64 Core Hits 54 | . 24 30 Critical Kills 1 | . 1 . Critical Parts Destroyed . | . . . Critical Strikes 4 | . 1 3 Burn 2 | . . 2 Destroy 1 | . 1 . Blast 1 | . . 1 Melee Attacks . | . . . Impact . | . . . Slashing . | . . . Piercing . | . . . Sneak Attacks . | . . . Combat Hostiles . | . . . Follow-up Attacks . | . . . Damage Inflicted 2096 | . 844 1252 Guns 1331 | . 844 487 Cannons 765 | . . 765 Explosions . | . . . Melee . | . . . Ramming . | . . . Kinetic 1609 | . 844 765 Thermal 487 | . . 487 Explosive . | . . . Electromagnetic . | . . . Impact . | . . . Slashing . | . . . Piercing . | . . . Highest Corruption 1 | . . 1 Average Corruption 1 | . . 1 Corruption Purged . | . . . Corruption Blocked . | . . . Effects 1 | . . 1 Data Loss (minor) 1 | . . 1 Overload Shots . | . . . Overflow Damage 14 | . . 14 Projectiles 14 | . . 14 Explosions . | . . . Melee . | . . . Knockbacks 7 | . . 7 Impact . | . . . Kinetic 6 | . . 6 Secondary 1 | . . 1 Self-Inflicted Damage . | . . . Shots . | . . . Rammed . | . . . Targets Rammed . | . . . Kicked . | . . . Crushed . | . . . Highest Temperature 239 | . 34 239 Average Temperature 51 | . 15 54 Received Heat Transfer 594 | . 294 300 Siege Activations . | . . . Robots Corrupted . | . . . Combat Hostiles . | . . . Parts Fried . | . . . Impact Corruptions . | . . . Robots Melted . | . . . Combat Hostiles . | . . . Parts Melted . | . . . Heat Transferred 1221 | . . 1221 Parts Sabotaged . | . . . Parts Stolen . | . . . Parts Stripped . | . . . Power Chain Reactions . | . . . Missiles Intercepted . | . . . Alert | -11 -10 -9 ------- Run | Scr Mat Mat Peak Influence 241 | . 241 186 Initial 83 | . . 83 Average 87 | . 98 81 Maximum Alert Level 1 | . 1 . Low Security (%) 90 | . 74 100 Level 1 9 | . 25 . Level 2 . | . . . Level 3 . | . . . Level 4 . | . . . Level 5 . | . . . High Security . | . . . Max Security . | . . . Squads Dispatched 3 | . 1 2 Investigation 2 | . 1 1 Extermination . | . . . Reinforcement 1 | . . 1 Assault . | . . . Garrison . | . . . Intercept . | . . . Searches Triggered . | . . . Construction Impeded . | . . . Haulers Reinforced . | . . . Active Scanning Responses . | . . . Cargo Convoy Interrupts . | . . . Stealth | -11 -10 -9 --------- Run | Scr Mat Mat Distress Signals 5 | . 2 3 Communications Jammed . | . . . Distress Signals . | . . . Times Spotted 49 | . 21 28 Peak Tracking Total 4 | . 3 4 Tactical Retreats 2 | . 1 1 Traps | -11 -10 -9 ------- Run | Scr Mat Mat Traps Triggered 1 | . 1 . Indirectly . | . . . Trap Hack Attempts . | . . . Triggered . | . . . Disarmed . | . . . Reprogrammed . | . . . Reused . | . . . Traps Extracted . | . . . Installed . | . . . Triggered . | . . . Machines | -11 -10 -9 ---------- Run | Scr Mat Mat Machines Disabled 3 | . 1 2 Max in Single Turn 1 | . 1 1 Machines Sabotaged . | . . . Garrisons Compromised . | . . . Overloaded Fab Kills . | . . . Hacking | -11 -10 -9 --------- Run | Scr Mat Mat Machines Accessed 5 | . 1 4 Terminals 4 | . 1 3 Fabricators . | . . . Repair Stations . | . . . Recycling Units 1 | . . 1 Scanalyzers . | . . . Garrison Access . | . . . Total Hacks 8 | . 1 7 Successful 4 | . . 4 Failed 4 | . 1 3 Catastrophic 2 | . 1 1 Database Lockouts . | . . . Manual 6 | . 1 5 Terminals 7 | . 1 6 Fabricators . | . . . Repair Stations . | . . . Recycling Units 1 | . . 1 Scanalyzers . | . . . Garrison Access . | . . . Terminal Hacks 1 | . . 1 Locate Traps 1 | . . 1 Fabricator Hacks . | . . . Repair Station Hacks . | . . . Recycling Unit Hacks 1 | . . 1 Retrieve Components 1 | . . 1 Scanalyzer . | . . . Garrison Access Hacks . | . . . Unauthorized Hacks 2 | . . 2 Terminals 2 | . . 2 Botnet 1 | . . 1 Operators 1 | . . 1 Fabricators . | . . . Repair Stations . | . . . Recycling Units . | . . . Scanalyzers . | . . . Garrison Access . | . . . Data Cores Recovered 1 | . . 1 Used . | . . . Hacking Detections 3 | . 1 2 Full Trace Events 1 | . . 1 Feedback Events 1 | . . 1 Corruption 1 | . . 1 Feedback Blocked . | . . . Robot Schematics Acquired . | . . . Robots Built . | . . . Authchips . | . . . Time . | . . . Total Robot Build Rating . | . . . Part Schematics Acquired . | . . . Parts Built . | . . . Authchips . | . . . Time . | . . . Total Part Build Rating . | . . . Parts Repaired . | . . . Time . | . . . Parts Recycled . | . . . Recycled Matter . | . . . Retrieved Matter . | . . . Retrieved Components 4 | . . 4 Parts Scanalyzed . | . . . Part Schematics Acquired . | . . . Parts Damaged . | . . . Bothacking | -11 -10 -9 ------------ Run | Scr Mat Mat Used RIF Installer . | . . . Robots Hacked . | . . . Non-combat . | . . . Combat . | . . . Robot Hacks Applied . | . . . Relay Couplers Released . | . . . Fabnet Peak Effective % . | . . . Robots Rewired . | . . . Allies Hacked . | . . . Hacks Repelled . | . . . Allies | -11 -10 -9 -------- Run | Scr Mat Mat Total Allies . | . . . Largest Group . | . . . Highest-Rated Group . | . . . Highest-Rated Ally . | . . . Total Orders . | . . . Ally Attacks . | . . . Total Damage . | . . . Kills . | . . . Allies Corrupted . | . . . Allies Melted . | . . . Intel | -11 -10 -9 ------- Run | Scr Mat Mat Robot Analysis Total . | . . . Derelict Logs Recovered . | . . . Drone Launches . | . . . Drone Recoveries . | . . . Exploration | -11 -10 -9 ------------- Run | Scr Mat Mat Turns Passed 12890 | . 4643 8247 Spaces Moved 679 | 1 259 419 Core . | . . . Treads 213 | . 151 62 Legs 17 | 1 16 . Wheels 449 | . 92 357 Hover . | . . . Flight . | . . . Fastest Speed 120 | 120 120 140 Average Speed 201 | 120 243 175 Slowest Speed 320 | 120 320 320 Overloaded Moves . | . . . Propulsion Burnouts . | . . . Robots Hopped . | . . . Cave-ins Triggered . | . . . Exploration Rate (%) 27 | 1 44 36 Regions Visited 2 Branch Regions . Pre-discovered Areas . | . . . Known Exits Taken . | . . . Unknown Exits Taken 2 | 1 1 . Scrap Searched . | . . . Spaces Dug . | . . . Terrain Destroyed 2 | . . 2 Melee . | . . . Projectile 2 | . . 2 AOE . | . . . Terrain Rammed . | . . . Walls Destroyed . | . . . Machines Disabled . | . . . Actions | -11 -10 -9 --------- Run | Scr Mat Mat Total 12022 | . 4181 7841 Wait 11148 | . 3815 7333 Move 677 | . 258 419 Hop . | . . . Pick Up 39 | . 24 15 Fast Attach 5 | . 5 . Attach 5 | . 1 4 Detach 4 | . 4 . Swap 15 | . 8 7 Drop 25 | . 11 14 Fire 104 | . 55 49 Melee . | . . . Ram . | . . . Kick . | . . . Crush . | . . . Escape Stasis . | . . . Rewire . | . . . Trap . | . . . Miscellaneous . | . . . Route ------- -11/Scrapyard -10/Materials (discovered 2 exits: *Mat / [*Min]) -9/Materials History --------- Turn | Location | Event 1 | -11/Scrapyard | Discovered new exit (range 0) 1 | -11/Scrapyard | Entered Materials 305 | -10/Materials | Build established: Mutant 1701 | -10/Materials | Core integrity fell below 50% 2086 | -10/Materials | Discovered new exit (range 12) 3212 | -10/Materials | Discovered new exit (range 14) 4644 | -10/Materials | Entered another Materials area 4644 | -9/Materials | Evolved 2 slots: Utility x2 12891 | -9/Materials | Self-destructed Last Messages --------------- 12778_ Recycling unit begins recycling process. 12778_ K-01 Serf collects debris. 12780_ R-06 Scavenger inserts Tractor Beam into recycling unit. 12782_ K-01 Serf collects debris. 12783_ R-06 Scavenger inserts Faulty Imp. Medium Laser into recycling unit. 12784_ Recycling unit begins recycling process. 12786_ R-06 Scavenger inserts Heat Sink into recycling unit. 12789_ K-01 Serf collects debris. 12797_ R-06 Scavenger collects Lgt. Treads. 12801_ K-01 Serf collects debris. 12801_ R-06 Scavenger collects Sml. Laser. 12805_ R-06 Scavenger collects Heat Sink. 12857_ Connecting with Terminal... Feedback: System corruption (+1%). 12857_ ALERT: Suspicious activity at Terminal M008. Dispatching Investigation squad. 12868_ Destroyed Datajack. 12871_ Material Processor disabled. 12882_ System corrupted: Component data lost. Map ----- +----------------------------------------------------+ | ????????????????????????????????????????? | | ????????????????????????????????????????? | | ????????????????????????????????????????? | | ????????????????????????????????????????? | | ????????????????????????????????????????? | | ????????????????????????????????????????? | | ????????????????????????????????????????? | | ????????????????????????????????????????? | | ????????????????????????????????????????? | | ????????????????????????????????????????? | | ??????????????????????? ????????????? | | ??????????????????????# ????????????? | | ??????????????????????# ????????????? | | ??????????????????????# ????????????? | | ??????????????????????#g #????????????? | | ??????????????????????# #????????????? | | ??????????????????????# ?????????????? | | ??????????????????????# ?????????????? | | ??????????????????????# ?????????????? | | ??????????????????????# ?????????????? | | ??????????????######### ?????????????? | | ?????????????? o ?????????????? | | ??????????????? ^ #?????????????? | | ????????????????? ##????????????? | | ???????????? ?? """ "#????????????? | | ???????????? """"" @T#????????????? | | ??????????? """"" "#????????????? | | ??????????? """"" ##????????????? | | ?????????? "" ############??? | | ?????????? ^ ## #??? | | ?????????? % ## """ """ ##?? | | ?????????? "" ## """ """ #?? | | ??????????? """""% # """ """ #??? | | ???????????###### """" % + #??? | | ????????????????#^ """" # [ ]#??? | | ???????########## """%% # #??? | | ???????# # ^ # """T""" #??? | | ???##### """ # ^ ###########??? | | ???# # """ # #????????????? | | ???# # """ # ^ #????????????? | | ???# # + r#????????????? | | ???# # """ # #????????????? | | #### # """ # % =** #????????????? | | #? # """ # [ #????????????? | | #?? # # "Y" #????????????? | | ####+########## """ #????????????? | | # #????????????? | | + #????????????? | | # #### #????????????? | | # ##############+##### #????????????? | +----------------------------------------------------+ Best States ------------- Heat Dissipation 42 Energy Generation 12 Energy Capacity 265 Matter Stores 300 Matter Capacity 300 Sight Range 16 Terrain Scan Density 10 Armor Coverage 675 Evasion (%) 45 Recoil Reduction 2 Item Schematics ----------------- None Robot Schematics ------------------ None Fabricated ------------ Nothing Alien Tech Used ----------------- None Achievements -------------- None Challenges ------------ None Game ------ Seed FusionClaymoresFlail Manual? 0 Play Time 00:30:00 Cumulative 248.6 hours Start 2022.05.12 @ 15:00:16 End 2022.05.12 @ 15:35:28 Sessions 1 Manual Loads 0 Difficulty Rogue Special Mode None Game No. 340 Rogue 337 Adventurer 0 Explorer 3 Win Type - Total 8 Types 8/0/0/0/0/0/0/0/0 Lore% 71 Gallery% 75 Achievement% 61 Wizard Run 0 Options --------- ASCII 1 Keyboard 1 Movement Vi Keybinds 0 Fullscreen 1 Font 18/SmallcapsGlow Map View 76x50 Tactical HUD 1 Map Filters NONE Filters NONE Steam 1 RUN: 14103b6c-5e9a-4eaf-8fe7-a139011d772b